 Dungeon Crawl Stone Soup version 0.31.0-9-g3a7656b989 (webtiles) character file.

Game seed: 3101405403947556667

1358 Majang the Magician (level 8, -2/57 HPs)
             Began as a Barachi Fire Elementalist on Jan 31, 2024.
             Slain by an orc
             ... wielding a +0 mace
              (3 damage)
             ... on level 5 of the Dungeon.
             The game lasted 00:26:41 (4663 turns).

Majang the Magician (Barachi Fire Elementalist)     Turns: 4663, Time: 00:26:42

Health: -2/57      AC:  3    Str: 12    XL:     8   Next: 64%
Magic:  12/17      EV: 13    Int: 24    God:
Gold:   159        SH:  0    Dex: 13    Spells: 12/19 levels left

rFire   . . .        n - +9 dagger "Zer Jif" {heavy, Will+++ rCorr Str-3 SInv}
rCold   . . .        (no shield)
rNeg    . . .        a - +0 robe
rPois   .            (no helmet)
rElec   .            s - +0 cloak
rCorr   +            (no gloves)
SInv    +            (no boots)
Will    +++..        f - amulet of magic regeneration
Stlth   +            r - ring of Kovop {Str+6 Int+6}
HPRegen 0.29/turn    (no ring)
MPRegen 0.55/turn

%: no passive effects
@: on fire, unable to hop, glowing, slow
A: amphibious, slowness 1, strong legs 1, +LOS
a: Hop


You were on level 5 of the Dungeon.
You visited 1 branch of the dungeon, and saw 5 of its levels.
You also visited: Sewer.

You collected 159 gold pieces.

Inventory:

Hand Weapons
 g - a +1 mace
 n - the +9 dagger "Zer Jif" (weapon) {heavy, Will+++ rCorr Str-3 SInv}
   (You found it on level 3 of the Dungeon)

   Str-3:     It affects your strength (-3).
   Will+++:   It greatly increases your willpower.
   SInv:      It lets you see invisible.
   rCorr:     It protects you from acid and corrosion.
Armour
 a - a +0 robe (worn)
 s - a +0 cloak (worn)
Jewellery
 f - an amulet of magic regeneration (around neck)
 r - the ring of Kovop (left hand) {Str+6 Int+6}
   (You found it in a sewer)

   [ring of strength]

   Str+6:     It affects your strength (+6).
   Int+6:     It affects your intelligence (+6).
Talismans
 i - a dragon-blood talisman
Scrolls
 p - 3 scrolls of immolation
Potions
 b - a potion of magic
 e - a potion of curing
 h - a potion of mutation
 j - a potion of might
 k - a potion of berserk rage {unknown}
 l - a potion of brilliance
 m - a potion of heal wounds {unknown}
 o - a potion of attraction {unknown}
 q - a potion of haste {unknown}


   Skills:
 + Level 2.7 Fighting
 + Level 2.3 Staves
 + Level 3.4 Dodging
 - Level 1.7 Stealth
 * Level 6.4 Spellcasting
 + Level 4.6 Conjurations
 + Level 5.7 Fire Magic
 + Level 2.4 Air Magic
 + Level 2.4 Evocations


You had 12 spell levels left.
You knew the following spells:

 Your Spells              Type           Power      Damage    Failure   Level
c - Scorch                Fire           70%        2d7       1%          2
w - Flame Wave            Conj/Fire      32%        2d9       9%          4
z - Foxfire               Conj/Fire      100%       2x1d9     1%          1

Your spell library contained the following spells:

 Spells                   Type           Power      Damage    Failure   Level
 Inner Flame              Hex/Fire       21%        N/A       7%          3
 Volatile Blastmotes      Fire/Tloc      42%        2d13      7%          3
 Jinxbite                 Hex            14%        N/A       12%         2
 Animate Dead             Necr           7%         N/A       58%         4
 Yara's Violent Unravell  Hex/Alch       3%         3d4       91%         5
 Enfeeble                 Hex            3%         N/A       100%        7
 Haunt                    Necr/Summ      3%         N/A       100%        7
 Infestation              Necr           3%         N/A       100%        8


Dungeon Overview and Level Annotations

Branches:
Dungeon (5/15)              Sewer (visited)
 Temple: D:4-7

Altars:
Cheibriados
Nemelex Xobeh
Xom
Zin

Shops:
D:1 :

Annotations:
D:5 3 runed translucent doors, Anonkat's ghost, amateur MiGl


Innate Abilities, Weirdness & Mutations

You are amphibious.
You cover ground slowly.
You can hop short distances.
You have an extended range of vision and can be seen from far away.


Message History

The scorpion closely misses you.
The scorpion stings you but does no damage.
You conjure some foxfire!
The liquid fire burns you!
The foxfire hits the scorpion.
The scorpion is burned terribly!
The scorpion is severely wounded.
The foxfire hits the scorpion but does no damage.
The scorpion is severely wounded.
The foxfire hits the orc.
The orc is almost dead.
The scorpion misses you.
You conjure some foxfire!
The liquid fire burns you! The scorpion stings you!
Unknown command.
You puncture the scorpion!
You kill the scorpion!
The liquid fire burns you!
* * * LOW HITPOINT WARNING * * *
The foxfire hits the orc.
You kill the orc!
The foxfire hits the orc.
The orc is lightly wounded.
The orc barely misses you. The orc hits you with a +0 mace.
* * * LOW HITPOINT WARNING * * *
Hop to where?
Press: ? - help, Dir - move target Boing!
You shake off some of the fire as you move.
The liquid fire burns you!
* * * LOW HITPOINT WARNING * * *
The orc hits you with a +0 mace.
* * * LOW HITPOINT WARNING * * *
You feel better. The liquid fire burns you!
* * * LOW HITPOINT WARNING * * *
The orc hits you with a +0 short sword.
* * * LOW HITPOINT WARNING * * *
The orc hits you with a +0 mace.
You die...

..#.......#..###...#.. ..
..#..$!...#..# ...... ...
..#.....[.#.).......##...
..#.......#..#...........
..#$.....5#..#.#...#.....
..#......(#.....?.)...
..#....BOy#..#.#o).###.#
..###+++###..#.#oo.....#
.............#.#@#.#####
.............#.#.# #
..##.#..###......#
#......## ########
#...)..######
#.......<...#
........#.#.###
#......##>....#
#......####.#.#


You could see 3 orcs.

Vanquished Creatures
  An acid dragon (D:4)
  3 ogres
  A phantom (D:5)
  A centaur (D:5)
  A scorpion (D:5)
  3 bullfrogs
  A water moccasin zombie (D:3)
  3 bombardier beetles
  An orc priest (D:4)
  A hound (D:5)
  A jelly (D:4)
  A sleepcap (D:4)
  Natasha (thrice) (D:2)
  3 orc wizards
  A hound zombie (D:3)
  4 adders
  A ribbon worm (D:2)
  8 dart slugs
  15 orcs
  3 endoplasms (D:4)
  9 giant cockroaches
  6 goblins
  7 hobgoblins
  4 jackals
  A kobold (D:4)
  A quokka (D:3)
  10 ball pythons
  A ball python zombie (D:3)
  5 bats
  14 frilled lizards
  A giant cockroach zombie (D:3)
  7 rats
122 creatures vanquished.

Vanquished Creatures (others)
  265 foxfires
265 creatures vanquished.

Grand Total: 387 creatures vanquished

Notes
Turn   | Place    | Note
-------+----------+-------------------------------------------
     0 | D:1      | Majang the Barachi Fire Elementalist began the quest for
                  | the Orb.
     0 | D:1      | Reached XP level 1. HP: 13/13 MP: 3/3
   239 | D:1      | Found Daruly's Book Shoppe.
   282 | D:1      | Reached XP level 2. HP: 19/19 MP: 1/5
   401 | D:1      | Learned a level 2 spell: Scorch
  1183 | D:2      | Noticed Natasha
  1186 | D:2      | Killed Natasha
  1187 | D:2      | Reached skill level 3 in Spellcasting
  1187 | D:2      | Reached XP level 3. HP: 24/24 MP: 2/7
  1318 | D:2      | Noticed Natasha
  1324 | D:2      | Killed Natasha
  1325 | D:2      | Reached XP level 4. HP: 24/30 MP: 3/9
  1423 | D:2      | Noticed Natasha
  1427 | D:2      | Killed Natasha
  1779 | D:3      | Found a glowing drain.
  1873 | D:3      | Identified the +9 dagger "Zer Jif" {heavy, Will+++ rCorr
                  | Str-3 SInv}
  1900 | D:3      | Reached XP level 5. HP: 34/35 MP: 4/10
  1949 | Sewer    | Entered a sewer
  1962 | Sewer    | Reached skill level 4 in Spellcasting
  1996 | Sewer    | Learned a level 4 spell: Flame Wave
  2337 | Sewer    | Reached XP level 6. HP: 41/41 MP: 7/12
  2394 | Sewer    | Identified the ring of Kovop {Str+6 Int+6}
  2441 | D:3      | Reached skill level 5 in Spellcasting
  2573 | D:3      | Found a shimmering altar of Xom.
  2579 | D:3      | Found a snail-covered altar of Cheibriados.
  2580 | D:3      | Found a sparkling altar of Nemelex Xobeh.
  2682 | D:3      | Reached skill level 5 in Fire Magic
  2816 | D:3      | Reached XP level 7. HP: 46/46 MP: 12/15
  3403 | D:4      | Found a glowing silver altar of Zin.
  3439 | D:4      | Reached skill level 1 in Fighting
  3439 | D:4      | Reached skill level 1 in Staves
  3439 | D:4      | Reached skill level 1 in Evocations
  3522 | D:4      | Reached skill level 1 in Air Magic
  4034 | D:4      | Reached XP level 8. HP: 56/56 MP: 13/16
  4123 | D:4      | Reached skill level 6 in Spellcasting
  4298 | D:5      | Entered Level 5 of the Dungeon
  4505 | D:5      | Noticed Anonkat's ghost (amateur MiGl)
  4507 | D:5      | Noticed a hornet
  4508 | D:5      | Found a runed translucent gate.
  4508 | D:5      | Found a runed translucent gate.
  4509 | D:5      | Found a runed translucent gate.
  4663 | D:5      | HP: 1/57 [orc/+0 short sword (3)]
  4663 | D:5      | Slain by an orc

Illustrated notes

Levels and vault maps discovered:
D:1:      wander_arrival_fairy_ring, layout_basic, serial_shops,
          nicolae_shop_back_alley_shop, minmay_hexomino_p4
D:2:      layout_basic, nicolae_houndstooth_variations, uniq_natasha
D:3:      wander_river, layout_rooms, minitemple, portal_sewer_entry_a,
          serial_undead, serial_undead_d, serial_undead_a, serial_undead_a,
          serial_undead_f, serial_undead_c, serial_undead_c, serial_undead_c,
          serial_undead_d
D:4:      layout_basic, mainiacjoe_overflow_brackets, hangedman_feature_mirror
D:5:      minmay_chambers_of_fours, layout_loops_cross,
          mainiacjoe_overflow_catwalk, nicolae_elyvilon_temple_path,
          gammafunk_ghost_split, kennysheep_flooded_box

Skill      XL: |  1  2  3  4  5  6  7  8 |
---------------+-------------------------+-----
Spellcasting   | 3 4 5 6 |  6.4
Conjurations   | 2 3 4 |  4.6
Fire Magic     | 4 5 |  5.7
Fighting       | 1 2 |  2.7
Staves         | 1 2 |  2.3
Evocations     | 1 2 |  2.4
Air Magic      | 1 2 |  2.4
Dodging        | 3 |  3.4
Stealth        | |  1.7

Action                     |  1- 3 |  4- 6 |  7- 9 || total
---------------------------+-------+-------+-------++-------
  Melee: Dagger            |     4 |    21 |    22 ||    47
         Unarmed           |     1 |       |       ||     1
         Mace              |     6 |     5 |       ||    11
   Cast: Foxfire           |    25 |    85 |    46 ||   156
         Scorch            |     7 |     2 |    29 ||    38
Ability: Hop               |       |     1 |     1 ||     2
    Use: Scroll            |       |       |    11 ||    11
         Potion            |       |       |     1 ||     1
 Armour: Robe              |    10 |    26 |    32 ||    68
  Dodge: Dodged            |    19 |    41 |    27 ||    87
